[Event "ICC Open 2015"]
[Site "Internet Chess Club"]
[Date "2015.05.30"]
[Round "6"]
[White "aplusk"]
[Black "Sebs"]
[Result "1-0"]
[ICCResult "Black resigns"]
[WhiteElo "2992"]
[BlackElo "2955"]
[Opening "Réti: King's Indian attack"]
[ECO "A08"]
[NIC "QP.09"]
[Time "19:51:29"]
[TimeControl "180+0"]

1. Nf3 d5 2. g3 c5 3. Bg2 Nf6 4. O-O g6 5. d3 Bg7 6. Nbd2 O-O 7. e4 Nc6 8.
Re1 e5 9. c3 b6 10. exd5 Nxd5 11. Nc4 f6 12. d4 cxd4 13. cxd4 exd4 14. Nxd4
Nxd4 15. Qxd4 Bb7 16. Bd2 Rf7 17. Rad1 Bf8 18. Bc3 Rc8 19. Bxd5 Bxd5 20. Ne3
{Black resigns}
1-0

[Event "ICC Open 2015"]
[Site "Internet Chess Club"]
[Date "2015.05.30"]
[Round "6"]
[White "TravisMcGee"]
[Black "graccus"]
[Result "1-0"]
[ICCResult "Black resigns"]
[WhiteElo "1576"]
[BlackElo "1343"]
[Opening "Queen's pawn, Mason variation"]
[ECO "D00"]
[NIC "QP.08"]
[Time "19:51:34"]
[TimeControl "180+0"]

1. d4 d5 2. Bf4 Nf6 3. e3 e6 4. Nf3 Be7 5. c4 dxc4 6. Bxc4 c6 7. Nc3 Nbd7 8.
O-O O-O 9. Qe2 Nh5 10. Rfd1 Nxf4 11. exf4 Nf6 12. Rac1 Nd5 13. g3 Bf6 14.
Ne5 Bxe5 15. fxe5 b5 16. Bd3 Qe7 17. Ne4 f6 18. Rxc6 fxe5 19. dxe5 Bb7 20.
Rcc1 Qg5 {Black resigns} 1-0

[Event "ICC Open 2015"]
[Site "Internet Chess Club"]
[Date "2015.05.30"]
[Round "6"]
[White "holderlin"]
[Black "cristoforo"]
[Result "1-0"]
[ICCResult "Black resigns"]
[WhiteElo "1734"]
[BlackElo "1452"]
[Opening "Sicilian defense"]
[ECO "B20"]
[NIC "SI.48"]
[Time "19:51:13"]
[TimeControl "180+0"]

1. e4 c5 2. d3 d6 3. Nd2 g6 4. h4 Bg7 5. h5 Nc6 6. hxg6 hxg6 7. Rxh8 Bxh8 8.
Qf3 Be6 9. Qg3 Qd7 10. Qh2 Bg7 11. Ngf3 O-O-O 12. Ng5 f5 13. g3 Nd4 14. Kd1
Nf6 15. c3 Nc6 16. Ndf3 fxe4 17. Nxe6 Qxe6 18. Bh3 Ng4 19. Ng5 Kb8 20. Nxe6
Nxh2 21. Nxd8 Nxd8 22. dxe4 Nf3 23. Ke2 Ng5 24. Bxg5 Nc6 25. Bd7 Kc7 26.
Bxc6 Kxc6 27. Bxe7 Kd7 28. Bg5 Ke6 29. Be3 b6 30. Rh1 Bf6 31. Rh7 a6 32. f4
b5 33. Ra7 b4 34. cxb4 cxb4 35. b3 {Black resigns} 1-0

[Event "ICC Open 2015"]
[Site "Internet Chess Club"]
[Date "2015.05.30"]
[Round "6"]
[White "isodung"]
[Black "PADILLON2189"]
[Result "1-0"]
[ICCResult "Black resigns"]
[WhiteElo "2813"]
[BlackElo "2058"]
[Opening "Sicilian: closed"]
[ECO "B23"]
[NIC "SI.44"]
[Time "19:51:11"]
[TimeControl "180+0"]

1. e4 c5 2. Nc3 a6 3. a4 e6 4. g3 Nc6 5. Bg2 g6 6. d3 Bg7 7. Be3 d6 8. h4 h5
9. Nh3 Nge7 10. Qd2 Nd4 11. Ng5 Qc7 12. O-O Rb8 13. Nd1 b5 14. axb5 axb5 15.
Bxd4 Bxd4 16. c3 Bg7 17. Ne3 Nc6 18. f4 O-O 19. f5 Qe7 20. fxg6 fxg6 21.
Rxf8+ Qxf8 22. Rf1 Qe8 23. g4 Ne5 24. gxh5 gxh5 25. d4 cxd4 26. cxd4 Nc4 27.
Nxc4 bxc4 28. e5 dxe5 29. Qc2 {Black resigns} 1-0

[Event "ICC Open 2015"]
[Site "Internet Chess Club"]
[Date "2015.05.30"]
[Round "6"]
[White "Parsifal"]
[Black "Poporovitch"]
[Result "1-0"]
[ICCResult "Black resigns"]
[WhiteElo "2435"]
[BlackElo "2030"]
[Opening "Sicilian: closed"]
[ECO "B34"]
[NIC "SI.44"]
[Time "19:52:08"]
[TimeControl "180+0"]

1. e4 c5 2. Nc3 g6 3. Nf3 Bg7 4. d4 cxd4 5. Nxd4 Nc6 6. Nb3 Nf6 7. Be2 O-O
8. Bg5 d6 9. Qd2 a5 10. a4 Bd7 11. O-O Nb4 12. Nd4 Rc8 13. Rad1 Qc7 14. Rfe1
Qb8 15. Bf1 Rfe8 16. Bh6 Bc6 17. Bxg7 Kxg7 18. Qg5 e5 19. Nf5+ Kh8 20. Qxf6+
{Black resigns}
1-0

[Event "ICC Open 2015"]
[Site "Internet Chess Club"]
[Date "2015.05.30"]
[Round "6"]
[White "ncc-1701"]
[Black "airantrobo"]
[Result "1-0"]
[ICCResult "Black resigns"]
[WhiteElo "2015"]
[BlackElo "1656"]
[Opening "Nimzo-Indian: Sämisch variation"]
[ECO "E24"]
[NIC "NI.18"]
[Time "19:51:52"]
[TimeControl "180+0"]

1. d4 Nf6 2. c4 e6 3. Nc3 Bb4 4. a3 Bxc3+ 5. bxc3 b6 6. Nf3 Ba6 7. e3 Nc6 8.
Bd3 Na5 9. Qe2 O-O 10. O-O Rc8 11. d5 c5 12. e4 d6 13. Bg5 e5 14. Nd2 h6 15.
Bh4 Re8 16. f4 exf4 17. Rxf4 g5 18. Raf1 gxf4 19. Rxf4 Qd7 20. Rxf6 Kh7 21.
e5+ Kg8 22. e6 fxe6 23. Qg4+ {Black resigns} 1-0

[Event "ICC Open 2015"]
[Site "Internet Chess Club"]
[Date "2015.05.30"]
[Round "6"]
[White "Schack"]
[Black "bennywins"]
[Result "1-0"]
[ICCResult "Black checkmated"]
[WhiteElo "1640"]
[BlackElo "1148"]
[Opening "QGD: Ragozin variation"]
[ECO "D38"]
[NIC "NI.27"]
[Time "19:52:44"]
[TimeControl "180+0"]

1. d4 e6 2. c4 d5 3. Nf3 Nf6 4. Nc3 Bb4 5. Qa4+ Nc6 6. cxd5 exd5 7. Ne5
Bxc3+ 8. bxc3 Bd7 9. Nxd7 Qxd7 10. Bf4 O-O-O 11. e3 a6 12. Rb1 Rhe8 13. Bxa6
Kb8 14. Rxb7+ Kc8 15. Rxc7+ Kb8 16. Qb5+ Ka8 17. Qb7# {Black checkmated} 1-0

[Event "ICC Open 2015"]
[Site "Internet Chess Club"]
[Date "2015.05.30"]
[Round "6"]
[White "jps7"]
[Black "TheLoneKing1"]
[Result "1-0"]
[ICCResult "Black resigns"]
[WhiteElo "1647"]
[BlackElo "1866"]
[Opening "Queen's pawn game"]
[ECO "D04"]
[NIC "QP.08"]
[Time "19:51:08"]
[TimeControl "180+0"]

1. d4 d5 2. Nf3 Nf6 3. e3 Bf5 4. c4 e6 5. Qb3 Qc8 6. Nc3 c6 7. c5 Nbd7 8.
Be2 g6 9. O-O Bg7 10. h3 O-O 11. Qa3 Re8 12. b4 e5 13. dxe5 Nxe5 14. Nxe5
Rxe5 15. Bb2 Re8 16. Nd1 a6 17. Bd4 h5 18. Rc1 Ne4 19. Bxg7 Kxg7 20. Bf3 Ng5
21. Qc3+ f6 22. Be2 h4 23. f4 Ne4 24. Qd4 Ng3 25. Rf2 Re4 26. Qd2 Nxe2+ 27.
Qxe2 Qe6 28. Rf3 Re8 29. Rc3 Rxb4 30. a3 Rb3 31. Rxb3 Qe7 32. Qb2 Qxc5 33.
Rxb7+ Kh6 34. Qxf6 {Black resigns} 1-0

[Event "ICC Open 2015"]
[Site "Internet Chess Club"]
[Date "2015.05.30"]
[Round "6"]
[White "Ricardov"]
[Black "Kastor"]
[Result "0-1"]
[ICCResult "White resigns"]
[WhiteElo "2331"]
[BlackElo "2864"]
[Opening "Sicilian: closed"]
[ECO "B23"]
[NIC "SI.44"]
[Time "19:51:53"]
[TimeControl "180+0"]

1. e4 c5 2. Nc3 a6 3. f4 d6 4. g3 g6 5. Bg2 Bg7 6. Nh3 Nc6 7. O-O e6 8. f5
exf5 9. exf5 Bxf5 10. Nf4 Nge7 11. g4 Be6 12. Ne4 Qd7 13. g5 Nd4 14. Nxe6
fxe6 15. Nf6+ Bxf6 16. gxf6 Nef5 17. c3 Nc6 18. d4 cxd4 19. cxd4 d5 20. Bh6
Nxh6 {White resigns} 0-1

[Event "ICC Open 2015"]
[Site "Internet Chess Club"]
[Date "2015.05.30"]
[Round "6"]
[White "Ohanessian"]
[Black "Yummyhat"]
[Result "1-0"]
[ICCResult "Black resigns"]
[WhiteElo "2050"]
[BlackElo "1781"]
[Opening "Sicilian defense"]
[ECO "B30"]
[NIC "SI.31"]
[Time "19:51:10"]
[TimeControl "180+0"]

1. e4 c5 2. Nf3 Nc6 3. Nc3 e6 4. Bb5 d5 5. exd5 exd5 6. O-O Bd6 7. Nxd5
Bxh2+ 8. Kxh2 Qxd5 9. Re1+ Ne7 10. Bxc6+ Qxc6 11. Qe2 Be6 12. Ng5 O-O 13.
Nxe6 fxe6 14. Qxe6+ Qxe6 15. Rxe6 Nf5 16. c3 Rfe8 17. Rxe8+ Rxe8 18. g4 Nh4
19. Kg3 Ng6 20. d4 Re1 21. dxc5 Kf7 22. b3 Ne5 23. Bb2 Re2 24. Ba3 Nd3 25.
Rf1 Rxa2 26. Bb4 Rb2 27. Rd1 Nxf2 28. Rd7+ Kg6 29. Rxb7 Nd3 30. c6 Re2 31.
c7 Re8 32. Rb8 {Black resigns} 1-0

[Event "ICC Open 2015"]
[Site "Internet Chess Club"]
[Date "2015.05.30"]
[Round "6"]
[White "FZI88"]
[Black "hotmooses"]
[Result "1-0"]
[ICCResult "Black checkmated"]
[WhiteElo "2231"]
[BlackElo "1938"]
[Opening "KP: Nimzovich defense"]
[ECO "B00"]
[NIC "VO.05"]
[Time "19:51:54"]
[TimeControl "180+0"]

1. e4 Nc6 2. Nf3 d6 3. d4 Nf6 4. Nc3 g6 5. d5 Nb8 6. h3 Bg7 7. Bf4 O-O 8.
Qd2 c6 9. Bd3 e6 10. dxe6 fxe6 11. Bh6 d5 12. Bxg7 Kxg7 13. e5 Nh5 14. Ne2
Kg8 15. O-O-O b5 16. g4 Ng7 17. Nfd4 a6 18. Qh6 c5 19. h4 cxd4 20. h5 gxh5
21. Qxh7+ Kf7 22. Bg6+ Ke7 23. Qxg7+ Rf7 24. Qxf7# {Black checkmated} 1-0

[Event "ICC Open 2015"]
[Site "Internet Chess Club"]
[Date "2015.05.30"]
[Round "6"]
[White "krankenstein"]
[Black "bugeyes"]
[Result "1-0"]
[ICCResult "Black forfeits on time"]
[WhiteElo "1159"]
[BlackElo "1046"]
[Opening "Queen's pawn game, Darooha variation "]
[ECO "D02"]
[NIC "QP.08"]
[Time "19:51:12"]
[TimeControl "180+0"]

1. d4 d5 2. Nf3 Nf6 3. h3 c5 4. Bf4 e6 5. e3 Bd6 6. Ne5 Nc6 7. Bb5 Bd7 8.
Nxd7 Qxd7 9. Bxd6 Qxd6 10. c4 dxc4 11. Bxc4 O-O 12. O-O cxd4 13. Nc3 dxc3
14. Qxd6 cxb2 15. Rab1 Rfd8 16. Qg3 Rd2 17. Rfd1 Rxd1+ 18. Rxd1
{Black forfeits on time}
1-0

[Event "ICC Open 2015"]
[Site "Internet Chess Club"]
[Date "2015.05.30"]
[Round "6"]
[White "Redbaron"]
[Black "paulmagriel"]
[Result "1-0"]
[ICCResult "Black resigns"]
[WhiteElo "2439"]
[BlackElo "2056"]
[Opening "King's Indian: orthodox, Aronin-Taimanov variation (Yugoslav attack / Mar del Plata variation)"]
[ECO "E97"]
[NIC "KI.07"]
[Time "19:51:02"]
[TimeControl "180+0"]

1. d4 Nf6 2. c4 g6 3. Nc3 Bg7 4. e4 O-O 5. Be2 d6 6. Nf3 e5 7. O-O Nc6 8. d5
Ne7 9. Nd2 c5 10. a3 Ne8 11. b4 b6 12. Rb1 f5 13. bxc5 bxc5 14. f3 Bh6 15.
Nb3 Bxc1 16. Qxc1 f4 17. Nd2 g5 18. Qc2 Bd7 19. Kh1 h5 20. Rb2 g4 21. Rfb1
Ng6 22. Rb7 Rf7 23. Nb5 a6 24. Na7 Qh4 25. Nf1 Qf2 26. Bd3 Qd4 27. Nc6 Nh4
28. Nxd4 exd4 29. Qf2 Ng6 30. Nd2 Ne5 31. Be2 Rg7 32. fxg4 hxg4 33. Qxf4
{Black resigns}
1-0

[Event "ICC Open 2015"]
[Site "Internet Chess Club"]
[Date "2015.05.30"]
[Round "6"]
[White "DMDIS"]
[Black "KVR"]
[Result "1-0"]
[ICCResult "Black checkmated"]
[WhiteElo "1872"]
[BlackElo "1371"]
[Opening "Réti opening"]
[ECO "A04"]
[NIC "QP.11"]
[Time "19:51:30"]
[TimeControl "180+0"]

1. Nf3 g6 2. d4 Bg7 3. c3 d6 4. Bg5 e6 5. Bxd8 Kxd8 6. e4 Nc6 7. Nbd2 Nge7
8. h4 b6 9. h5 Bb7 10. hxg6 hxg6 11. Rxh8+ Bxh8 12. Ng5 Ke8 13. Qf3 f5 14.
Qh3 Kd7 15. d5 exd5 16. exd5 Ne5 17. Bb5+ c6 18. dxc6+ N5xc6 19. Ndf3 Bf6
20. O-O-O Kc7 21. Qg3 Ne5 22. Ne6+ Kc8 23. Nxe5 Bxe5 24. f4 Bf6 25. Rxd6 Nd5
26. Qxg6 Bh4 27. Qe8+ Bd8 28. Qxd8# {Black checkmated} 1-0

[Event "ICC Open 2015"]
[Site "Internet Chess Club"]
[Date "2015.05.30"]
[Round "6"]
[White "Bagelhead"]
[Black "Mastercito"]
[Result "1-0"]
[ICCResult "Black resigns"]
[WhiteElo "2369"]
[BlackElo "2005"]
[Opening "Scandinavian defense"]
[ECO "B01"]
[NIC "SD.03"]
[Time "19:51:34"]
[TimeControl "180+0"]

1. e4 d5 2. exd5 Nf6 3. Nf3 Nxd5 4. d4 g6 5. c4 Nb6 6. h3 Bg7 7. Nc3 O-O 8.
Be3 Nc6 9. Be2 e5 10. d5 Na5 11. c5 Nd7 12. b4 e4 13. Nd4 b6 14. c6 Nxc6 15.
dxc6 Ne5 16. O-O Qh4 17. Qc1 Bxh3 18. Bg5 Bh6 19. Bxh4 Bxc1 20. Raxc1 Be6
21. Nxe4 Kg7 22. Bf6+ {Black resigns} 1-0

[Event "ICC Open 2015"]
[Site "Internet Chess Club"]
[Date "2015.05.30"]
[Round "6"]
[White "HematiteBrown"]
[Black "supermouse"]
[Result "0-1"]
[ICCResult "White resigns"]
[WhiteElo "2221"]
[BlackElo "2703"]
[Opening "Caro-Kann defense"]
[ECO "B11"]
[NIC "CK.01"]
[Time "19:51:29"]
[TimeControl "180+0"]

1. e4 c6 2. Nc3 b5 3. Nf3 g6 4. a4 b4 5. Na2 a5 6. d4 Bg7 7. Bg5 Nf6 8. e5
Nd5 9. c4 bxc3 10. Nxc3 Nb4 11. Ne4 O-O 12. Ra3 f6 13. Bc4+ Kh8 14. exf6
exf6 15. Be3 d5 16. Nc5 dxc4 17. O-O N8a6 18. Qc1 Nxc5 19. dxc5 Be6 20. Rd1
Qe8 21. Bf4 Nd3 22. Qe3 Nxf4 23. Qxf4 Bd5 24. h4 Qb8 25. Qd2 f5 26. Nd4 Qe5
27. Re3 Qxd4 28. Qxd4 Bxd4 29. Rxd4 Rfe8 30. h5 Rxe3 31. fxe3 Kg7 32. hxg6
hxg6 33. Kf2 Rb8 34. Rd2 Kf6 35. Rc2 Ke5 36. Kg3 g5 37. Kf2 Rb4 38. Ke2 Rxa4
39. Kd2 Bxg2 40. Kc3 Be4 41. Rh2 Bd5 42. Rh8 Rb4 43. Re8+ Kf6 44. Ra8 Rb3+
45. Kc2 Rxe3 46. Rxa5 g4 47. Ra8 g3 48. Rf8+ Kg7 49. Rg8+ Kxg8 {White
resigns} 0-1

[Event "ICC Open 2015"]
[Site "Internet Chess Club"]
[Date "2015.05.30"]
[Round "6"]
[White "nowornever"]
[Black "Moritex"]
[Result "1/2-1/2"]
[ICCResult "Game drawn by mutual agreement"]
[WhiteElo "1975"]
[BlackElo "1775"]
[Opening "Nimzovich-Larsen attack: Dutch variation"]
[ECO "A01"]
[NIC "VO.08"]
[Time "19:51:07"]
[TimeControl "180+0"]

1. b3 f5 2. Bb2 Nf6 3. Nf3 d6 4. e3 e5 5. c4 Be7 6. Nc3 O-O 7. g3 c6 8. Bg2
Nbd7 9. O-O Nc5 10. d4 exd4 11. exd4 Nce4 12. d5 Nxc3 13. Bxc3 c5 14. Re1
Ne4 15. Bb2 Bf6 16. Qc2 Bd7 17. Nd2 Nxd2 18. Qxd2 Re8 19. f4 Bxb2 20. Qxb2
Kf7 21. Re2 Qf6 22. Qxf6+ Kxf6 23. Rae1 Rxe2 24. Rxe2 Re8 25. Kf2 Rxe2+ 26.
Kxe2 g5 27. Ke3 g4 28. Bf1 h5 29. Bd3 Ke7 30. a3 Kd8 31. b4 b6 32. Be2 a5
33. bxc5 bxc5 34. h4 Ke7 35. Kd2 Kf6 36. Bd1 a4 37. Kc3 Kf7 38. Kd3 Kf6 39.
Ke3 Kf7 40. Kd2 Kf6 41. Kc3 Kf7 {Game drawn by mutual agreement} 1/2-1/2

[Event "ICC Open 2015"]
[Site "Internet Chess Club"]
[Date "2015.05.30"]
[Round "6"]
[White "MadMad"]
[Black "EddieBarber"]
[Result "0-1"]
[ICCResult "White resigns"]
[WhiteElo "1517"]
[BlackElo "1848"]
[Opening "Benoni defense"]
[ECO "A61"]
[NIC "BI.38"]
[Time "19:51:05"]
[TimeControl "180+0"]

1. d4 Nf6 2. c4 c5 3. d5 e6 4. Nc3 exd5 5. cxd5 d6 6. Bg5 h6 7. Bh4 g5 8.
Bg3 Nh5 9. e3 Nxg3 10. hxg3 Bg7 11. Bb5+ Bd7 12. Bxd7+ Qxd7 13. Nge2 a6 14.
O-O O-O 15. Rc1 b5 16. a3 Qe7 17. Qc2 Nd7 18. e4 Ne5 19. f3 c4 20. Rcd1 Nd3
21. Nc1 Qa7+ 22. Kh2 Ne5 23. b3 Rac8 24. N3e2 Qc5 25. Qa2 cxb3 26. Nxb3 Qc2
27. Qxc2 Rxc2 28. Ned4 Ra2 29. Ra1 Rxa1 30. Nxa1 Ng4+ 31. fxg4 Bxd4 32. Nc2
Bc5 33. Nb4 Bxb4 34. axb4 Rc8 35. Rf6 Rc4 36. Rxd6 Rxe4 37. Rxa6 Rxb4 38.
Rxh6 Rd4 39. d6 Kg7 40. d7 Kxh6 {White resigns} 0-1

[Event "ICC Open 2015"]
[Site "Internet Chess Club"]
[Date "2015.05.30"]
[Round "6"]
[White "pierredams"]
[Black "awesome5123"]
[Result "1-0"]
[ICCResult "Black resigns"]
[WhiteElo "1945"]
[BlackElo "1554"]
[Opening "Sicilian: Alapin's variation (2.c3)"]
[ECO "B22"]
[NIC "SI.46"]
[Time "19:51:23"]
[TimeControl "180+0"]

1. e4 c5 2. c3 Nc6 3. Nf3 Nf6 4. e5 Nd5 5. d4 cxd4 6. cxd4 e6 7. Nc3 d6 8.
Bc4 dxe5 9. dxe5 Nxc3 10. Qxd8+ Kxd8 11. bxc3 Bc5 12. O-O Ke7 13. Bg5+ f6
14. exf6+ gxf6 15. Bh4 e5 16. Rfe1 Be6 17. Bb5 a6 18. Ba4 b5 19. Bb3 Rae8
20. Nxe5 Nxe5 21. Rxe5 Kf7 22. Rxe6 Rxe6 23. Re1 Re8 24. h3 a5 25. Kf1 a4
26. Bxe6+ Rxe6 27. Rxe6 Kxe6 28. Ke2 Ke5 29. Kd3 f5 30. f3 Kd5 31. Bf6 h5
32. Bd4 Bxd4 33. cxd4 b4 34. g4 fxg4 35. fxg4 hxg4 36. hxg4 b3 37. axb3 axb3
38. g5 b2 39. Kc2 Kxd4 40. g6 Ke5 41. g7 Kf6 42. g8=Q b1=Q+ 43. Kxb1 Ke7 44.
Qg6 Kf8 45. Qh7 {Black resigns} 1-0

[Event "ICC Open 2015"]
[Site "Internet Chess Club"]
[Date "2015.05.30"]
[Round "6"]
[White "VoltesV"]
[Black "jojowang"]
[Result "1-0"]
[ICCResult "Black resigns"]
[WhiteElo "1566"]
[BlackElo "1355"]
[Opening "King's Indian: Petrosian system"]
[ECO "E92"]
[NIC "KI.17"]
[Time "19:51:49"]
[TimeControl "180+0"]

1. d4 Nf6 2. c4 g6 3. Nc3 Bg7 4. e4 d6 5. Nf3 O-O 6. Be2 e5 7. d5 Na6 8. O-O
Nc5 9. Nd2 Ne8 10. b4 Na6 11. a4 f5 12. Ba3 f4 13. f3 g5 14. h3 g4 15. fxg4
Qh4 16. b5 Nb8 17. Qe1 Qg5 18. Nf3 Qg6 19. Bd3 Bf6 20. Rd1 h5 21. Nh4 Bxh4
22. Qxh4 hxg4 23. hxg4 Bxg4 24. Be2 Bxe2 25. Nxe2 f3 26. Ng3 Rf4 27. Qh5
Qxg3 28. Qxe8+ Rf8 29. Qe6+ Rf7 30. Rxf3 Qg7 31. Rdf1 {Black resigns} 1-0

[Event "ICC Open 2015"]
[Site "Internet Chess Club"]
[Date "2015.05.30"]
[Round "6"]
[White "MasterZachary"]
[Black "kurumania"]
[Result "0-1"]
[ICCResult "White checkmated"]
[WhiteElo "2198"]
[BlackElo "2854"]
[Opening "Sicilian: Taimanov (Bastrikov) variation"]
[ECO "B47"]
[NIC "SI.40"]
[Time "19:51:04"]
[TimeControl "180+0"]

1. e4 c5 2. Nf3 e6 3. d4 cxd4 4. Nxd4 Nc6 5. Nc3 Qc7 6. g3 a6 7. Bg2 d6 8.
O-O Bd7 9. Re1 Be7 10. Bf4 Ne5 11. Bxe5 dxe5 12. Nb3 Nf6 13. a4 O-O 14. Qe2
Rfd8 15. Red1 h6 16. Rd3 Be8 17. Rad1 Rdc8 18. R1d2 b5 19. axb5 axb5 20. Nd1
b4 21. Ne3 Bb5 22. Qd1 Bxd3 23. Rxd3 Ra2 24. Qb1 Rca8 25. g4 Bc5 26. Bf3 Bd4
27. Nd1 Nd7 28. h4 Nc5 29. Nxc5 Ra1 30. Qxa1 Rxa1 31. Nb3 Qxc2 32. Nxa1 Qxd3
33. Kg2 Qc4 34. g5 hxg5 35. hxg5 Qc1 36. Nb3 Qxg5+ 37. Kf1 Qf4 38. Ke2 g5
39. Ne3 Bxe3 40. fxe3 Qh2+ 41. Kd3 Qxb2 42. Nc5 Qc3+ 43. Ke2 Qxc5 44. Bg4 b3
45. Kf3 b2 46. Bh5 b1=Q 47. Kg4 Qxe3 48. Bg6 Qbg1+ 49. Kh5 Qh3#
{White checkmated}
0-1

[Event "ICC Open 2015"]
[Site "Internet Chess Club"]
[Date "2015.05.30"]
[Round "6"]
[White "chessfidebullet"]
[Black "LMLLM"]
[Result "0-1"]
[ICCResult "White resigns"]
[WhiteElo "1150"]
[BlackElo "2336"]
[Opening "French: exchange variation"]
[ECO "C01"]
[NIC "FR.01"]
[Time "19:52:49"]
[TimeControl "180+0"]

1. e4 e6 2. d4 d5 3. exd5 exd5 4. f3 Bd6 5. Bd3 Qh4+ 6. g3 Bxg3+ 7. Kf1 Bd6
8. Be3 Ne7 9. Bf2 Qf6 10. Nd2 O-O 11. c3 Bf5 12. Qc2 Bg6 13. h4 Nd7 14. h5
Bxd3+ 15. Qxd3 h6 16. Be3 Rfd8 17. Ke2 Re8 18. Nh3 Nf5 19. Nf1 Rxe3+ 20.
Nxe3 Ng3+ 21. Kd2 Nxh1 22. Rxh1 Qxf3 23. Rf1 Qxh3 24. Qe2 Re8 25. Qf2 Nf6
26. Nxd5 Ne4+ {White resigns} 0-1

[Event "ICC Open 2015"]
[Site "Internet Chess Club"]
[Date "2015.05.30"]
[Round "6"]
[White "pagoda"]
[Black "Werewolf"]
[Result "1-0"]
[ICCResult "Black checkmated"]
[WhiteElo "1978"]
[BlackElo "2169"]
[Opening "Vienna game"]
[ECO "C27"]
[NIC "VG.02"]
[Time "19:52:05"]
[TimeControl "180+0"]

1. Nc3 e5 2. e4 Nf6 3. Bc4 Nxe4 4. Qh5 Nd6 5. Qxe5+ Qe7 6. Qxe7+ Bxe7 7. Bb3
c6 8. d4 O-O 9. Nf3 b5 10. d5 b4 11. Ne2 c5 12. c3 c4 13. Bc2 a5 14. Bf4 Bb7
15. Rd1 Na6 16. O-O Rfe8 17. Ng3 h6 18. Ne5 Rad8 19. Rfe1 g5 20. Be3 Bf6 21.
Bb6 Rb8 22. Nxd7 Ra8 23. Nxf6+ Kf8 24. Nxe8 Nxe8 25. d6 Nxd6 26. Rxd6 bxc3
27. bxc3 Rc8 28. Rxh6 Kg7 29. Rh7+ Kf6 30. Bd4# {Black checkmated} 1-0

[Event "ICC Open 2015"]
[Site "Internet Chess Club"]
[Date "2015.05.30"]
[Round "6"]
[White "Steingrim89"]
[Black "ural"]
[Result "0-1"]
[ICCResult "White resigns"]
[WhiteElo "1666"]
[BlackElo "2359"]
[Opening "Queen's pawn game, Chigorin variation"]
[ECO "D02"]
[NIC "QP.08"]
[Time "19:51:08"]
[TimeControl "180+0"]

1. d4 d5 2. Nf3 Nc6 3. Bf4 Bg4 4. e3 e6 5. c3 Bd6 6. Bxd6 cxd6 7. Be2 f5 8.
h3 Bxf3 9. Bxf3 Nf6 10. O-O O-O 11. Nd2 a6 12. Rc1 b5 13. b3 Ne4 14. Nxe4
fxe4 15. Be2 Na5 16. c4 dxc4 17. bxc4 Nxc4 18. Bxc4 bxc4 19. Rxc4 Rc8 20.
Qb3 d5 21. Rc3 Rxc3 22. Qxc3 Qc8 23. Rc1 Qxc3 24. Rxc3 Rb8 25. Rc6 Rb1+ 26.
Kh2 Rb2 27. Rxa6 Rxf2 28. Kg3 Re2 29. Rxe6 Rxe3+ 30. Kf4 Re2 31. g4 Rxa2 32.
Re5 Ra5 33. h4 h6 34. g5 hxg5+ 35. hxg5 Kf7 36. Rf5+ Kg6 37. Re5 Rb5 38.
Re6+ Kh5 39. Re5 Ra5 40. Re7 Kg6 41. Re6+ Kf7 42. Re5 g6 43. Ke3 Ra3+ 44.
Kf4 Rf3+ 45. Kg4 Rf5 46. Rxf5+ gxf5+ 47. Kxf5 e3 48. g6+ Kg7 {White resigns}
0-1

[Event "ICC Open 2015"]
[Site "Internet Chess Club"]
[Date "2015.05.30"]
[Round "6"]
[White "penguingm1"]
[Black "playwaycool"]
[Result "1-0"]
[ICCResult "Black resigns"]
[WhiteElo "2831"]
[BlackElo "2390"]
[Opening "QGD semi-Slav: Stoltz variation"]
[ECO "D45"]
[NIC "SL.08"]
[Time "19:51:14"]
[TimeControl "180+0"]

1. d4 d5 2. c4 c6 3. Nf3 Nf6 4. e3 e6 5. Nc3 Nbd7 6. Qc2 Bd6 7. Be2 O-O 8.
O-O dxc4 9. Bxc4 e5 10. Rd1 Qe7 11. h3 g6 12. Bb3 exd4 13. exd4 Nb6 14. Bh6
Re8 15. Re1 Be6 16. Bxe6 fxe6 17. Ne5 Nfd5 18. Nxg6 hxg6 19. Qxg6+ Kh8 20.
Rxe6 Qd7 21. Rxd6 Qh7 22. Bg7+ Kg8 23. Qg5 Qxg7 24. Rg6 Re7 25. g3 Nxc3 26.
bxc3 Rae8 27. h4 Rf7 28. h5 Qxg6 29. Qxg6+ Kf8 30. h6 Ree7 31. Kg2 Nd5 32.
c4 Nf6 33. Rh1 Nh7 34. Rh5 Rf6 35. Rf5 Rxf5 36. Qxf5+ Ke8 37. d5 cxd5 38.
cxd5 Kd8 39. d6 Rd7 40. Qg6 Nf8 41. Qf6+ Ke8 42. a4 Rf7 43. Qe5+ Kd7 44. Qd5
Kd8 45. Qxf7 {Black resigns} 1-0

[Event "ICC Open 2015"]
[Site "Internet Chess Club"]
[Date "2015.05.30"]
[Round "6"]
[White "Red-white"]
[Black "manitodeplomo"]
[Result "1-0"]
[ICCResult "Black resigns"]
[WhiteElo "3097"]
[BlackElo "2667"]
[Opening "Réti: King's Indian attack (Barcza system)"]
[ECO "A07"]
[NIC "QP.09"]
[Time "19:51:40"]
[TimeControl "180+0"]

1. Nf3 d5 2. g3 e6 3. Bg2 g6 4. O-O Bg7 5. c4 Ne7 6. d4 O-O 7. Bg5 h6 8. Bf4
Nbc6 9. cxd5 exd5 10. Nc3 a6 11. Rc1 g5 12. Bd2 g4 13. Ne5 Nxd4 14. Bf4 Ne6
15. Nxd5 Nxf4 16. gxf4 Nxd5 17. Qxd5 c6 18. Qb3 Qe7 19. Ng6 Qxe2 20. Nxf8
Bxf8 21. Rfe1 Qb5 22. Qxb5 axb5 23. Re8 Kg7 24. Rd1 g3 25. hxg3 Bg4 26. Rxa8
Bxd1 27. Ra7 c5 28. Rxb7 b4 29. Bd5 Bh5 30. b3 Kf6 31. g4 Bg6 32. f5 Ke5 33.
Bc4 {Black resigns} 1-0

[Event "ICC Open 2015"]
[Site "Internet Chess Club"]
[Date "2015.05.30"]
[Round "6"]
[White "DroolingBaby"]
[Black "CapitalG"]
[Result "0-1"]
[ICCResult "White checkmated"]
[WhiteElo "2140"]
[BlackElo "2715"]
[Opening "Queen's pawn game"]
[ECO "E10"]
[NIC "QI.01"]
[Time "19:51:32"]
[TimeControl "180+0"]

1. d4 Nf6 2. c4 e6 3. Nf3 d5 4. g3 Bb4+ 5. Bd2 Be7 6. Bg2 O-O 7. O-O c6 8.
b3 Nbd7 9. Bc3 Ne4 10. Bb2 b6 11. Nc3 f5 12. Ne5 Nxe5 13. dxe5 Bb7 14. cxd5
exd5 15. f3 Bc5+ 16. e3 Bxe3+ 17. Kh1 Nf2+ 18. Rxf2 Bxf2 19. Qe2 Bd4 20. Rd1
c5 21. f4 Re8 22. Nb5 Bxb2 23. Qxb2 Re6 24. Nd6 Rxd6 25. exd6 Qxd6 26. Qc2
Qd7 27. Qe2 Re8 28. Qh5 g6 29. Qg5 d4 30. Qf6 Re2 31. Re1 Rxe1#
{White checkmated}
0-1

[Event "ICC Open 2015"]
[Site "Internet Chess Club"]
[Date "2015.05.30"]
[Round "6"]
[White "faust"]
[Black "GGuseinov"]
[Result "0-1"]
[ICCResult "White resigns"]
[WhiteElo "3175"]
[BlackElo "3023"]
[Opening "Sicilian: Hungarian variation"]
[ECO "B27"]
[NIC "SI.43"]
[Time "19:51:46"]
[TimeControl "180+0"]

1. e4 c5 2. Nf3 g6 3. c3 Bg7 4. d4 cxd4 5. cxd4 d5 6. e5 Nc6 7. Nc3 Nh6 8.
Bb5 Bg4 9. O-O O-O 10. Bxc6 bxc6 11. Na4 Nf5 12. Be3 f6 13. Nc5 fxe5 14.
dxe5 Nh4 15. Qa4 Nxf3+ 16. gxf3 Bxf3 17. Qxc6 d4 18. Qe6+ Kh8 19. Bg5 Rf5
20. h4 Rxe5 21. Qb3 Qf8 22. Nd7 Rxg5+ 23. hxg5 Qf5 24. Kh2 Qf4+ {White
resigns} 0-1